 Dungeon Crawl Stone Soup version 0.30-a0-145-g03d90e2e6d (webtiles) character file.

Game seed: 3039977473254374791

255 qw the Chopper (level 6, -14/38 HPs)
             Began as a Gargoyle Fighter on Sept 26, 2022.
             Demolished by an orc warrior
             ... wielding a +0 battleaxe
              (16 damage)
             ... on level 3 of the Dungeon.
             The game lasted 00:01:17 (3394 turns).

qw the Chopper (Gargoyle Fighter)                   Turns: 3394, Time: 00:01:18

Health: -14/38     AC: 18    Str: 21 (22) XL:     6   Next: 15%
Magic:  0/6        EV:  7    Int:  8      God:
Gold:   89         SH:  4    Dex:  9      Spells: 5/5 levels left

rFire   . . .      SeeInvis .    Y - +0 war axe
rCold   . . .      Faith    .    c - +0 buckler
rNeg    + . .      Spirit   +    a - +0 chain mail
rPois   inf        Reflect  .    j - +0 helmet
rElec   +          Harm     .    g - +1 cloak
rCorr   .          Rampage  .    (no gloves)
Will    .....                    e - +0 pair of boots
Stlth   ..........               h - amulet of guardian spirit
HPRegen 0.12/turn                (no ring)
MPRegen 0.10/turn                (no ring)

@: no status effects
A: sickness immunity, AC +4, negative energy resistance 1, electricity
resistance, torment resistance 1, petrification resistance, deterioration 1,
subdued magic 1
a: no special abilities


You were on level 3 of the Dungeon.
You visited 1 branch of the dungeon, and saw 4 of its levels.

You collected 89 gold pieces.


Innate Abilities, Weirdness & Mutations

You are immune to sickness and miasma.
Your stone body is resilient. (AC +4)
You are immune to poison.
You resist negative energy. (rN+)
You are resistant to electric shocks. (rElec)
You are resistant to unholy torment.
You are immune to petrification.
Your body sometimes deteriorates upon taking damage.
Your spells are a little easier to cast, but a little less powerful.


   Skills:
 - Level 4.1 Fighting
 + Level 5.3 Axes
 - Level 3.2 Armour
 - Level 3.2 Shields


You had 5 spell levels left.
You didn't know any spells.
Your spell library was empty.

Inventory:

Hand Weapons
 k - a +4 flail
 Y - a +0 war axe (weapon)
Armour
 a - a +0 chain mail (worn)
 c - a +0 buckler (worn)
 e - a +0 pair of boots (worn)
 g - a +1 cloak (worn)
 j - a +0 helmet (worn)
Jewellery
 h - an amulet of guardian spirit (around neck)
Scrolls
 b - a scroll of identify
Potions
 d - a potion of might
 f - a potion of mutation
 i - a potion of haste
 n - a potion of heal wounds {unknown}

Dungeon Overview and Level Annotations

Branches:
Dungeon (4/15)
 Temple: D:4-7

Altars:
Elyvilon
Gozag
Ru
Wu Jian


Message History

The orc warrior hits you but does no damage.
You closely miss the orc warrior.
The orc warrior is moderately wounded.
The orc warrior barely misses you.
You completely miss the orc warrior.
The orc warrior is moderately wounded.
The orc warrior hits you with a +0 battleaxe.
The orc warrior hits you with a +0 battleaxe!
You hit the orc warrior but do no damage.
The orc warrior is moderately wounded.
The orc warrior hits you but does no damage.
You barely miss the orc warrior.
The orc warrior is moderately wounded.
The orc warrior hits you but does no damage.
You hit the orc warrior but do no damage.
The orc warrior is moderately wounded.
The orc warrior hits you but does no damage.
You closely miss the orc warrior.
The orc warrior is moderately wounded.
The orc warrior closely misses you.
The orc warrior hits you but does no damage.
You barely miss the orc warrior.
The orc warrior is moderately wounded.
The orc warrior barely misses you.
You hit the orc warrior.
The orc warrior is heavily wounded.
You block the orc warrior's attack.
You barely miss the orc warrior.
The orc warrior is heavily wounded.
The orc warrior hits you but does no damage.
You hit the orc warrior but do no damage.
The orc warrior is heavily wounded.
The orc warrior hits you with a +0 battleaxe. x2
You hit the orc warrior but do no damage.
The orc warrior is heavily wounded.
The orc warrior barely misses you.
You closely miss the orc warrior.
The orc warrior is heavily wounded.
The orc warrior hits you with a +0 battleaxe!
You die...

#####.##.####...........#
#.##.#....#########.#
#.##.#.#### #.. #.##.#.#
#.# #.##.#.# #.. #.##...#
#.# #.##..## #.#
#.##)%#############..
#.##@o...............
#.###################
#####.......# ###
#...'.......# #..
#.###.......# #.. #.#
#.......# #.. #.#
#.......# ### #.#
#.......# #.# #.......#


You could see an orc warrior.

Vanquished Creatures
  A hound (D:3)
  Jessica (D:2)
  Robin (D:3)
  4 adders (D:3)
  7 gnolls (D:3)
  2 worms (D:3)
  A dart slug (D:1)
  2 orcs (D:3)
  6 ball pythons
  5 endoplasms
  4 giant cockroaches
  15 goblins
  8 hobgoblins
  3 quokkas
  5 bats
  4 frilled lizards
  3 kobolds
  3 rats
75 creatures vanquished.

Notes
Turn   | Place    | Note
-------+----------+-------------------------------------------
     0 | D:1      | qw the Gargoyle Fighter began the quest for the Orb.
     0 | D:1      | Reached XP level 1. HP: 14/14 MP: 1/1
     0 | D:1      | 0 ||| qw: Version: 0.2-a-10-g399e6c4
     0 | D:1      | 0 ||| qw: Game counter: 511
     0 | D:1      | 0 ||| qw: Always use a shield: true
     0 | D:1      | 0 ||| qw: God list: Okawaru
     0 | D:1      | 0 ||| qw: Allow faded altars: false
     0 | D:1      | 0 ||| qw: Do Orc after D:15 true
     0 | D:1      | 0 ||| qw: Do second Lair branch before Depths: true
     0 | D:1      | 0 ||| qw: Lair rune preference: random
     0 | D:1      | 0 ||| qw: Plans: Normal, Zot:1-4, God:TSO, Crypt, Tomb,
                  | Pan, Slime:5, Hells, Abyss, Orb
     0 | D:1      | 0 ||| PLANNING D:1-11
    45 | D:1      | Reached skill level 2 in Axes
    76 | D:1      | Reached XP level 2. HP: 19/19 MP: 2/2
   123 | D:1      | 123 ||| Stepping ~*~*~tactically~*~*~ (stealth).
   131 | D:1      | 131 ||| Stepping ~*~*~tactically~*~*~ (stealth).
   136 | D:1      | 136 ||| Stepping ~*~*~tactically~*~*~ (stealth).
   151 | D:1      | 151 ||| Stepping ~*~*~tactically~*~*~ (stealth).
   152 | D:1      | 152 ||| Stepping ~*~*~tactically~*~*~ (stealth).
   318 | D:1      | 318 ||| Stepping ~*~*~tactically~*~*~ (stealth).
   326 | D:1      | Reached skill level 3 in Axes
   418 | D:1      | 418 ||| DROPPING +0 club.
   507 | D:1      | Reached XP level 3. HP: 22/23 MP: 3/3
   671 | D:1      | 671 ||| Stepping ~*~*~tactically~*~*~ (stealth).
   674 | D:1      | 674 ||| Stepping ~*~*~tactically~*~*~ (stealth).
   675 | D:1      | 675 ||| Stepping ~*~*~tactically~*~*~ (stealth).
   882 | D:1      | 882 ||| READING scroll labelled RIRULI LOEMAA.
   883 | D:1      | 883 ||| READING scroll labelled WEFUAX OBUO.
   884 | D:1      | 884 ||| READING scroll labelled VAUDIG RUIDIMY.
   885 | D:1      | 885 ||| READING scroll labelled EZXI SIXTYEMN.
   886 | D:1      | 886 ||| DRINKING 2 black potions.
   886 | D:1      | Gained mutation: Your body sometimes deteriorates upon
                  | taking damage. [potion of mutation]
   886 | D:1      | Gained mutation: Your spells are a little easier to cast,
                  | but a little less powerful. [potion of mutation]
   887 | D:1      | 887 ||| DRINKING 3 fuming black potions.
   888 | D:1      | 888 ||| DROPPING 2 potions of brilliance.
   991 | D:2      | Found a sacrificial altar of Ru.
  1428 | D:2      | You fall into a shaft and drop 1 floor!
  1477 | D:3      | 1477 ||| UPGRADING to +0 chain mail.
  1487 | D:3      | 1487 ||| DROPPING +0 scale mail.
  1488 | D:3      | 1488 ||| UPGRADING to +0 pair of boots.
  1493 | D:3      | 1493 ||| UPGRADING to +1 cloak.
  1498 | D:3      | 1498 ||| UPGRADING to amulet of guardian spirit.
  1503 | D:3      | 1503 ||| READING 2 scrolls labelled SUUHAO FAESUNG.
  1604 | D:3      | 1604 ||| READING scroll labelled JOSOCV XYCZU.
  1605 | D:3      | 1605 ||| READING scroll labelled ETYIDE GOIGYF.
  1606 | D:3      | 1606 ||| DROPPING scroll of silence.
  1636 | D:2      | Noticed Jessica
  1646 | D:2      | Killed Jessica
  1647 | D:2      | Reached skill level 4 in Axes
  1647 | D:2      | Reached XP level 4. HP: 13/28 MP: 1/4
  1955 | D:2      | 1955 ||| READING scroll labelled SEUGRU QOBAXUF.
  1994 | D:3      | Found an ornate altar of the Wu Jian Council.
  2031 | D:3      | 2031 ||| Stepping ~*~*~tactically~*~*~ (stealth).
  2120 | D:3      | Noticed Robin
  2136 | D:3      | Killed Robin
  2137 | D:3      | Reached XP level 5. HP: 31/32 MP: 3/5
  2245 | D:3      | 2245 ||| Stepping ~*~*~tactically~*~*~ (stealth).
  2331 | D:3      | 2331 ||| Stepping ~*~*~tactically~*~*~ (stealth).
  2413 | D:3      | 2413 ||| Stepping ~*~*~tactically~*~*~ (stealth).
  2422 | D:3      | Reached skill level 5 in Axes
  2423 | D:3      | 2423 ||| Stepping ~*~*~tactically~*~*~ (stealth).
  2424 | D:3      | 2424 ||| Stepping ~*~*~tactically~*~*~ (stealth).
  2459 | D:3      | 2459 ||| Stepping ~*~*~tactically~*~*~ (stealth).
  2584 | D:3      | 2584 ||| DROPPING +0 whip.
  2757 | D:3      | Found a white marble altar of Elyvilon.
  2797 | D:3      | Found an opulent altar of Gozag.
  2839 | D:3      | 2839 ||| Stepping ~*~*~tactically~*~*~ (hiding).
  3179 | D:3      | 3179 ||| UPGRADING to +0 helmet.
  3184 | D:3      | 3184 ||| READING scroll labelled VEHUAX EPEL.
  3185 | D:3      | 3185 ||| READING scroll labelled SUQUOH NEVER.
  3186 | D:3      | 3186 ||| READING scroll labelled URYKLU XECE.
  3191 | D:3      | 3191 ||| READING 3 scrolls of identify.
  3191 | D:3      | 3191 ||| IDENTIFYING green potion
  3192 | D:3      | 3192 ||| READING 2 scrolls of identify.
  3192 | D:3      | 3192 ||| IDENTIFYING golden potion
  3193 | D:3      | 3193 ||| DROPPING potion of degeneration.
  3223 | D:4      | 3223 ||| STAIRDANCE
  3275 | D:4      | Noticed an orc warrior
  3276 | D:4      | 3276 ||| STAIRDANCE
  3287 | D:3      | Reached XP level 6. HP: 28/38 MP: 2/6
  3367 | D:3      | 3367 ||| DROPPING +0 flail.
  3371 | D:4      | 3371 ||| STAIRDANCE
  3384 | D:3      | HP: 6/38 [orc warrior/+0 battleaxe (7)]
  3392 | D:3      | HP: 5/38 [orc warrior/+0 battleaxe (2)]
  3392 | D:3      | HP: 2/38 [orc warrior/+0 battleaxe (3)]
  3394 | D:3      | Demolished by an orc warrior

Levels and vault maps discovered:
D:1:      evilmike_arrival_hilbert_curve, layout_loops_ring,
          minmay_misc_feat_alley
D:2:      layout_basic, basic_altar, kennysheep_jessica_study
D:3:      layout_basic, nicolae_gozag_seed_capital, nzn_wu_jian_contemplation,
          elyvilon_altar_1, minmay_diced_spiral, uniq_robin
D:4:      minmay_chambers_of_fours, layout_basic, yredelemnul_altar_generic,
          uniq_menkaure, uniq_pikel

Skill      XL: |  1  2  3  4  5 |
---------------+----------------+-----
Axes           | 2 3 4 5 |  5.3
Fighting       | 4 |  4.1
Armour         | |  3.2
Shields        | |  3.2

Action                   |  1- 3 |  4- 6 || total
-------------------------+-------+-------++-------
Melee: War axe           |   131 |   133 ||   264
  Use: Scroll            |     7 |     6 ||    13
       Potion            |     2 |       ||     2
Armor: Scale mail        |    82 |       ||    82
       Chain mail        |     9 |    74 ||    83
Dodge: Dodged            |    53 |    55 ||   108
Block: Buckler           |    24 |    23 ||    47

Table legend:
 A = Non-vault XP
 B = Vault XP
 C = Vault XP percentage of total XP
 D = Non-vault monster count
 E = Vault monster count
 F = Vault count percentage of total count
                 A         B        C        D         E       F
            +---------+---------+-------+---------+---------+-------
      Total |     270 |      95 |  26.0 |      58 |      17 |  22.7
            +---------+---------+-------+---------+---------+-------
        D:1 |      49 |       0 |   0.0 |      28 |       0 |   0.0
        D:2 |      20 |      39 |  66.1 |      11 |       2 |  15.4
        D:3 |     201 |      56 |  21.8 |      19 |      15 |  44.1
            +---------+---------+-------+---------+---------+-------
